[Event "Team 45 45 League T33"]
[Site "Internet Chess Club"]
[Date "2007.05.18"]
[Round "5"]
[White "valjean"]
[Black "Fidelian"]
[Result "0-1"]
[WhiteElo "1196"]
[BlackElo "1281"]
[ECO "C41"]
[TimeControl "2700+45"]

1. e4 e5 2. Nf3 d6 3. d4 exd4 4. Nxd4 Nf6 5. Nc3 Bd7 6. Bc4 Qe7 7. Qd3 c5 8.
Ndb5 Bc6 9. f3 a6 10. Nd5 Nxd5 11. Nc7+ Nxc7 12. O-O b5 13. Bd5 Qd7 14. c4 Be7
15. Bd2 bxc4 16. Bxc4 Bb5 17. b3 Bxc4 18. bxc4 Nc6 19. Rab1 O-O 20. Bc3 Rab8 21.
Rbe1 Nd4 22. e5 d5 23. f4 Qf5 24. Qg3 Nce6 25. cxd5 Nc7 26. d6 Bxd6 27. exd6
Nce6 28. Re5 Qf6 29. f5 Nd8 30. Rxc5 Ne2+ 31. Kf2 Nxg3 32. Bxf6 Nxf1 33. Kxf1
gxf6 34. d7 Rb7 35. Rd5 Nc6 36. Rd6 Rc7 37. a4 Rd8 38. g4 Rdxd7 39. Rxd7 Rxd7
40. Kf2 Rd4 41. Kf3 Rxa4 42. Kg3 Ne5 43. h3 Rc4 44. Kh4 a5 45. Kh5 a4 46. h4 a3
47. Kh6 a2 48. h5 Rc6 49. g5 Ng4# {White checkmated} 0-1

[Event "Team 45 45 League T33"]
[Site "Internet Chess Club"]
[Date "2007.05.21"]
[Round "5"]
[White "hotzoddy"]
[Black "gentle-spirit"]
[Result "1-0"]
[WhiteElo "1366"]
[BlackElo "1203"]
[ECO "C00"]
[TimeControl "2700+45"]

1. e4 e6 2. Nc3 c5 3. Nf3 Nc6 4. d4 Nxd4 5. Nxd4 cxd4 6. Qxd4 Qf6 7. Be3 Qxd4 8.
Bxd4 b6 9. Bd3 Bb7 10. O-O Rc8 11. Rfe1 f6 12. e5 Bc5 13. Bxc5 bxc5 14. exf6
Nxf6 15. h3 c4 16. Be4 d5 17. Bf3 Kd7 18. Nb5 a6 19. Nd4 Rhe8 20. c3 e5 21. Nf5
g6 22. Ng3 e4 23. Bg4+ Nxg4 24. hxg4 Kd6 25. Ne2 Rc7 26. Nd4 Rce7 27. Re3 Bc8
28. g5 Rf8 29. Rae1 Ref7 30. f3 exf3 31. gxf3 Rf4 32. Kg2 R4f7 33. Kg3 a5 34. a3
a4 35. Rf1 Rh8 36. Rh1 Bd7 37. Rh6 Re8 38. Rxe8 Bxe8 39. Rh2 Ke7 40. Re2+ Kf8
41. Ne6+ Kg8 42. f4 Re7 43. Nd4 Rxe2 44. Nxe2 Kg7 45. Kf3 Bd7 46. Ke3 Bf5 47.
Kd4 Be6 48. Kc5 h5 49. gxh6+ Kxh6 50. Kb5 Bd7+ 51. Kc5 Be6 52. Nd4 Bf7 53. Kd6
Kh5 54. Ne6 Bxe6 55. Kxe6 Kg4 56. Ke5 Kf3 57. f5 gxf5 58. Kxf5 Ke3 59. Ke5 Kd3
60. Kxd5 Kc2 61. Kxc4 Kxb2 62. Kb4 Kc2 63. c4 Kd3 64. c5 {Black resigns} 1-0

[Event "Team 45 45 League T33"]
[Site "Internet Chess Club"]
[Date "2007.05.21"]
[Round "5"]
[White "WCB"]
[Black "uipawn"]
[Result "0-1"]
[WhiteElo "1077"]
[BlackElo "1148"]
[ECO "C01"]
[TimeControl "2700+45"]

1. e4 e6 2. d4 c6 3. Nf3 d5 4. Bd3 b5 5. Bf4 Bd6 6. e5 Be7 7. Nbd2 h6 8. Nb3 Bg5
9. Qd2 f6 10. Bg6+ Ke7 11. Nc5 Na6 12. Nxa6 Bxa6 13. O-O Kd7 14. Qb4 Ne7 15.
Qd6+ Kc8 16. Be3 Qxd6 17. exd6 Nxg6 18. Nxg5 hxg5 19. b4 Kd7 20. c3 Kxd6 21.
Rfe1 e5 22. f3 Nf4 23. Rad1 Bc8 24. Bxf4 exf4 25. h3 Bf5 26. Kf2 a5 27. Rh1 axb4
28. cxb4 Rxa2+ 29. Ke1 Rb2 30. g4 Bg6 31. Ra1 Re8+ 32. Kf1 Bd3+ 33. Kg1 Be2 34.
Re1 Re3 35. Rh2 Rxf3 36. Rhxe2 Re3 37. Kf1 Rxb4 38. Rxe3 fxe3 39. Rxe3 Rxd4 40.
Kg2 Re4 41. Ra3 b4 42. Ra7 Kc5 43. Rxg7 b3 44. Rb7 Re2+ 45. Kf3 Rb2 46. h4 gxh4
47. Rf7 Rc2 48. Rxf6 h3 49. Rh6 Rc3+ 50. Kf4 b2 51. Rh8 b1=Q 52. Kg5 Qc1+ 53.
Kf5 Qf1+ 54. Ke5 Re3# {White checkmated} 0-1

[Event "Team 45 45 League T33"]
[Site "Internet Chess Club"]
[Date "2007.05.18"]
[Round "5"]
[White "Visin"]
[Black "gessie7"]
[Result "0-1"]
[WhiteElo "1361"]
[BlackElo "1403"]
[ECO "C47"]
[TimeControl "2700+45"]

1. e4 e5 2. Nf3 Nc6 3. Nc3 Nf6 4. d4 Nxd4 5. Nxd4 exd4 6. Qxd4 c5 7. Qd1 a6 8.
Bc4 b5 9. Bd5 Nxd5 10. exd5 d6 11. O-O Be7 12. Re1 O-O 13. a3 Bf5 14. Ne4 Re8
15. b3 Bh4 16. Qf3 Bxf2+ 17. Kxf2 Bxe4 18. Rxe4 Rxe4 19. Qxe4 Qf6+ 20. Bf4 Qxa1
21. Bxd6 Qd4+ 22. Qxd4 cxd4 23. Ke2 Rd8 24. Bg3 Rxd5 25. Kd3 f6 26. Bf2 Kf7 27.
Bxd4 Ke6 28. c4 bxc4+ 29. Kxc4 Kd6 30. b4 Rf5 31. a4 Kc6 32. b5+ axb5+ 33. axb5+
Rxb5 34. Kc3 Rg5 35. g3 Kd5 36. Be3 Rf5 37. Kd3 Rf3 38. g4 Rh3 {White resigns}
0-1

[Event "Team 45 45 League T33"]
[Site "Internet Chess Club"]
[Date "2007.05.20"]
[Round "5"]
[White "Midwest-Rook"]
[Black "katabatico"]
[Result "1-0"]
[WhiteElo "1426"]
[BlackElo "1366"]
[ECO "C46"]
[TimeControl "2700+45"]

1. e4 e5 2. Nf3 Nc6 3. Nc3 Bc5 4. Bb5 d6 5. d4 exd4 6. Nxd4 Bd7 7. Bxc6 bxc6 8.
O-O Nf6 9. Bg5 O-O 10. Na4 h6 11. Nxc5 hxg5 12. Nxd7 Qxd7 13. Qf3 c5 14. Ne2
Rfe8 15. Ng3 Rab8 16. b3 g4 17. Qf4 Qc6 18. Rfe1 Re7 19. Re2 Rbe8 20. Rae1 Re5
21. f3 gxf3 22. gxf3 Qa6 23. c4 Qc8 24. Nf5 R8e6 25. Rg2 Nh5 26. Qg5 Rg6 27.
Qxh5 Rxg2+ 28. Kxg2 g6 29. Nh6+ Kg7 30. Qg4 Qxg4+ 31. Nxg4 Rg5 32. Kh1 f5 33.
Ne3 f4 34. Nd5 c6 35. Nxf4 {Black resigns} 1-0

[Event "Team 45 45 League T33"]
[Site "Internet Chess Club"]
[Date "2007.05.21"]
[Round "5"]
[White "chips"]
[Black "markev"]
[Result "0-1"]
[WhiteElo "1215"]
[BlackElo "1356"]
[ECO "A01"]
[TimeControl "2700+45"]

1. b3 d5 2. Bb2 e6 3. d3 c5 4. Nd2 Nc6 5. Ngf3 Nf6 6. d4 Be7 7. dxc5 Bxc5 8. e3
a6 9. a4 Be7 10. Be2 Qc7 11. Ba3 Bb4 12. O-O O-O 13. Qc1 Re8 14. c3 Ba5 15. b4
Bb6 16. a5 Ba7 17. c4 d4 18. c5 Bb8 19. exd4 Nxd4 20. Bc4 Ne2+ 21. Bxe2 Ng4 22.
g3 e5 23. Qc3 Bd7 24. Bb2 Bc6 25. Kg2 f6 26. Bd3 e4 27. Bxe4 Bxe4 28. Nxe4 Rxe4
29. Nd2 Rf4 30. Rae1 Qc6+ 31. f3 Rf5 32. Re4 Nh6 33. Qc4+ Kh8 34. Qd4 Rd5 35.
Qc3 Be5 36. Qc2 Rad8 37. Rd1 Bxb2 38. Qxb2 Qb5 39. Kf2 Rxc5 40. Qb3 Rcd5 41. Re2
Rf5 42. Re4 Rfd5 43. Re2 Rd3 44. Qb1 R8d4 45. Qc1 Rxb4 46. Qc8+ Ng8 47. Rde1 Rb2
48. Qc1 Qh5 49. h4 Ra2 50. Rd1 Rxa5 51. Qc7 Raa3 52. Qxb7 Qc5+ 53. Kg2 Re3 54.
Rxe3 Qxe3 55. Qe4 Qc5 56. Qc4 Qb6 57. Rb1 Qa5 58. Qd4 Ra2 59. Rd1 Ne7 60. g4 Nc6
61. Qe3 Ne5 62. Kg3 h6 63. Nf1 Nc4 64. Qe8+ Kh7 65. Qe4+ Kh8 66. Qxc4 Qe5+ 67.
f4 Ra3+ 68. Kg2 Qb2+ 69. Rd2 Qb7+ 70. Qd5 Qb4 71. Qd4 Qb3 72. Kf2 Qf3+ 73. Ke1
Qxg4 74. Qf2 Ra1+ {White resigns} 0-1

[Event "Team 45 45 League T33"]
[Site "Internet Chess Club"]
[Date "2007.05.16"]
[Round "5"]
[White "WzeroMN"]
[Black "CoasterBrake"]
[Result "1-0"]
[WhiteElo "1229"]
[BlackElo "1084"]
[ECO "B56"]
[TimeControl "2700+45"]

1. e4 c5 2. Nf3 Nc6 3. d4 cxd4 4. Nxd4 Nf6 5. Nc3 d6 6. Bb5 Qc7 7. Nxc6 bxc6 8.
Ba4 e5 9. Bg5 Be7 10. Bxf6 Bxf6 11. Qd5 Bd7 12. Qd2 O-O 13. O-O-O Be7 14. f4 h6
15. Kb1 Qb6 16. fxe5 Rab8 17. Bb3 Bg4 18. exd6 Bg5 19. Qd3 Bxd1 20. Rxd1 Rbd8
21. e5 Bf4 22. e6 Rxd6 23. exf7+ Kh8 24. Qf3 Rxd1+ 25. Nxd1 Bxh2 26. Qe4 Qd8 27.
c3 Qf6 28. Bc2 g6 29. Qxg6 Qxg6 30. Bxg6 Kg7 31. Bh5 Rd8 32. Kc2 Bf4 33. b4 Rd2+
34. Kb3 Rxg2 35. a3 Rg5 36. Bf3 Rg6 37. Bh5 Rf6 38. Nf2 Rf5 39. Bf3 Rxf7 40.
Bxc6 h5 41. Nd3 Bd2 42. a4 h4 43. b5 h3 44. a5 Be3 45. b6 axb6 46. a6 h2 47. Ne5
Rc7 48. Bb7 b5 49. Ng4 Bg1 50. Nxh2 Bxh2 51. a7 Rxb7 52. a8=Q Rb8 53. Qg2+
{Black resigns} 1-0

[Event "Team 45 45 League T33"]
[Site "Internet Chess Club"]
[Date "2007.05.21"]
[Round "5"]
[White "viking99"]
[Black "Beancounter"]
[Result "1-0"]
[WhiteElo "1844"]
[BlackElo "1694"]
[ECO "C90"]
[TimeControl "2700+45"]

1. e4 e5 2. Nf3 Nc6 3. Bb5 a6 4. Ba4 Nf6 5. O-O Be7 6. Re1 b5 7. Bb3 O-O 8. c3
d6 9. d3 Na5 10. Bc2 Nd7 11. b4 Nc6 12. a4 Bb7 13. Nbd2 Bf6 14. Nf1 Ne7 15. Ng3
Ng6 16. d4 c6 17. Nf5 Qc7 18. h4 Ne7 19. g4 Nxf5 20. exf5 exd4 21. g5 dxc3 22.
gxf6 Nxf6 23. Bg5 Nd5 24. f6 Nxb4 25. fxg7 Rfe8 26. Bxh7+ Kxh7 27. Qd4 c5 28.
Qf6 Kg8 29. Qh6 Rxe1+ 30. Rxe1 f5 31. Re7 Qxe7 32. Bxe7 Bxf3 33. Qh8+ Kf7 34.
Qf8+ Rxf8 35. gxf8=Q+ Ke6 36. Qf6+ Kd7 37. Qxd6+ Ke8 38. Bf6 Nd5 39. Qe6+ Kf8
40. Bxc3 Nxc3 41. Qxf5+ Kg7 42. Qxf3 b4 43. Qg4+ Kh7 44. Qh5+ Kg8 45. Qxc5
{Black resigns} 1-0

[Event "Team 45 45 League T33"]
[Site "Internet Chess Club"]
[Date "2007.05.20"]
[Round "5"]
[White "Stav"]
[Black "rubashov"]
[Result "0-1"]
[WhiteElo "1706"]
[BlackElo "1623"]
[ECO "D66"]
[TimeControl "2700+45"]

1. d4 Nf6 2. c4 e6 3. Nc3 d5 4. Bg5 Be7 5. e3 O-O 6. Nf3 c6 7. Rc1 Nbd7 8. Bd3
h6 9. Bh4 Re8 10. O-O Qb6 11. Qc2 Ng4 12. Bxe7 Rxe7 13. h3 Ngf6 14. a3 Re8 15.
b4 a6 16. c5 Qc7 17. Rb1 e5 18. Be2 e4 19. Nd2 Rb8 20. a4 b5 21. cxb6 Nxb6 22.
a5 Nbd7 23. Rfc1 Qd6 24. Na2 Bb7 25. Nb3 Red8 26. Nc5 Nxc5 27. bxc5 Qc7 28. Rb6
Nd7 29. Nb4 Nxb6 30. cxb6 Qd6 31. Nxa6 Bxa6 32. Bxa6 Ra8 33. Qxc6 Qxc6 34. Rxc6
Rxa6 35. Rc7 Rxa5 36. b7 Rb5 37. Rc8 Rf8 38. Rc7 Kh7 39. Rc8 Rg8 40. Rc7 Rb8 41.
Rxf7 R5xb7 42. Rf5 Rd7 43. f3 exf3 44. gxf3 Rb1+ 45. Kf2 Rb2+ 46. Kg3 Re2 47.
Kf4 g5+ 48. Kg4 Rxe3 49. h4 gxh4 50. Kxh4 Kg6 51. Kg4 Rd3 52. Rf4 Rf7 {White
resigns} 0-1

[Event "Team 45 45 League T33"]
[Site "Internet Chess Club"]
[Date "2007.05.18"]
[Round "5"]
[White "OOB1"]
[Black "DaveTheRook"]
[Result "1/2-1/2"]
[WhiteElo "1590"]
[BlackElo "1664"]
[ECO "B06"]
[TimeControl "2700+45"]

1. e4 g6 2. d4 d6 3. Nf3 Bg7 4. Nc3 Nf6 5. Be2 O-O 6. O-O Nbd7 7. e5 dxe5 8.
dxe5 Ng4 9. Bf4 Ngxe5 10. Nxe5 Nxe5 11. Qd5 c6 12. Qc5 Qd6 13. Qe3 Qe6 14. Rfe1
Nc4 15. Qc1 Bxc3 16. bxc3 Nd6 17. Bf3 Qd7 18. Qb2 Qf5 19. Be3 Nc4 20. Qc1 Nxe3
21. Rxe3 Be6 22. h3 Qf6 23. Qb2 Rab8 24. Qa3 a6 25. Qc5 Rfe8 26. Qd4 Qxd4 27.
cxd4 Rbd8 28. c3 Bc4 29. Rb1 Rd7 30. a4 e6 31. g4 Bd5 32. Kg2 Bxf3+ 33. Kxf3 b5
34. axb5 cxb5 35. Ra1 Ra8 36. Re5 Rd5 37. Rxd5 exd5 38. Kf4 a5 39. Ke5 a4 40.
Kxd5 Rc8 41. Ra3 Kf8 42. Kd6 Ke8 43. f4 Rc4 44. h4 Kd8 {Game drawn by mutual
agreement} 1/2-1/2

[Event "Team 45 45 League T33"]
[Site "Internet Chess Club"]
[Date "2007.05.20"]
[Round "5"]
[White "curtintime"]
[Black "Mfalme"]
[Result "1-0"]
[WhiteElo "1370"]
[BlackElo "1305"]
[ECO "C41"]
[TimeControl "2700+45"]

1. e4 e5 2. Nf3 d6 3. Bc4 h6 4. Nc3 Nf6 5. d4 exd4 6. Nxd4 Be7 7. Bf4 a6 8. h3
b5 9. Bb3 c5 10. Bxf7+ Kxf7 11. Nf3 b4 12. Nd5 Nxe4 13. Nxe7 Qxe7 14. Qd5+ Qe6
15. Qxa8 Nd7 16. O-O Rf8 17. Rfe1 Kg8 18. Qxe4 Qxe4 19. Rxe4 d5 20. Re7 Rxf4 21.
Re8+ Rf8 22. Rae1 Nf6 23. Rxf8+ Kxf8 24. Ne5 a5 25. Nc6 a4 26. f4 Ne4 27. Ne5
Bb7 28. Kh2 Ke7 29. h4 Kf6 30. g4 g5 31. hxg5+ hxg5 32. Nd3 gxf4 33. Rf1 Kg5 34.
Rxf4 c4 35. Rxe4 dxe4 36. Nxb4 Kxg4 37. Kg1 Kf3 38. Kf1 Bc8 39. Nd5 Bb7 40. Nb6
Ba6 41. Ke1 Bb5 42. Nd5 Bc6 43. Nc3 Ke3 44. Kd1 Kd4 45. Kd2 Kc5 46. Ke3 Kb4 47.
Nxe4 Bxe4 48. Kxe4 c3 49. a3+ Kc4 50. bxc3 Kxc3 51. Kd5 Kxc2 52. Kc4 Kb2 53. Kb4
Ka2 54. Kxa4 Kb2 55. Kb4 {Black resigns} 1-0

[Event "Team 45 45 League T33"]
[Site "Internet Chess Club"]
[Date "2007.05.23"]
[Round "5"]
[White "Frankly"]
[Black "Changuito-77"]
[Result "1/2-1/2"]
[WhiteElo "1652"]
[BlackElo "1798"]
[ECO "D34"]
[TimeControl "2700+45"]

1. d4 d5 2. c4 e6 3. Nc3 c5 4. cxd5 exd5 5. g3 Nc6 6. Nf3 Nf6 7. Bg2 Be7 8. O-O
O-O 9. Bg5 cxd4 10. Nxd4 h6 11. Bf4 Bg4 12. Nb3 Qd7 13. Bxd5 Nxd5 14. Nxd5 Bxe2
15. Qxe2 Qxd5 16. Rfd1 Qf5 17. Rac1 Rfe8 18. Qc4 Rac8 19. Rd5 Qg4 20. Qb5 Qf3
21. Rc3 Qe4 22. Nd2 Qb4 23. Rb3 Qxb5 24. Rbxb5 Nd8 25. Rd7 a6 26. Re5 Nc6 27.
Re2 b6 28. Nc4 Bc5 29. Rxe8+ Rxe8 30. Rc7 Nd4 31. Kg2 Ne6 32. Rb7 Nxf4+ 33. gxf4
Re4 34. Nxb6 Rxf4 35. f3 Rd4 36. Nd7 Rd2+ 37. Kh3 Bg1 38. Rb8+ Kh7 39. Nf8+ Kg8
40. Nd7+ Kh7 41. Nf8+ {Game drawn by mutual agreement} 1/2-1/2

[Event "Team 45 45 League T33"]
[Site "Internet Chess Club"]
[Date "2007.05.20"]
[Round "5"]
[White "GadsHill"]
[Black "Smart"]
[Result "1/2-1/2"]
[WhiteElo "1608"]
[BlackElo "1528"]
[ECO "A42"]
[TimeControl "2700+45"]

1. d4 d6 2. c4 e5 3. Nf3 e4 4. Ng5 f5 5. Nc3 h6 6. Nh3 g5 7. g3 Nf6 8. Bg2 Qe7
9. Qc2 c6 10. Bd2 Be6 11. b3 Na6 12. a3 Bg7 13. Rd1 O-O 14. O-O Nc7 15. Bc1 d5
16. cxd5 Ncxd5 17. Nxd5 Nxd5 18. Bb2 g4 19. Nf4 Nxf4 20. gxf4 Bd5 21. Rc1 h5 22.
e3 h4 23. h3 Bh6 24. Rfe1 Qg7 25. Kh2 g3+ 26. Kh1 Kh7 27. Rg1 Rg8 28. b4 Rae8
29. b5 Re6 30. Qe2 Rg6 31. bxc6 bxc6 32. Rc2 Bxf4 33. exf4 gxf2 34. Qh5+ Rh6 35.
Qxf5+ Rg6 36. Qh5+ Rh6 37. Qf5+ Qg6 38. Qxg6+ Rhxg6 39. Rxf2 e3 40. Re2 Rg3 41.
Kh2 Bf3 42. Bxf3 Rxg1 43. Be4+ Kh6 44. Bxc6 Rf1 45. Rxe3 Rf2+ 46. Kh1 Rf1+ 47.
Kh2 {Game drawn by mutual agreement} 1/2-1/2

[Event "Team 45 45 League T33"]
[Site "Internet Chess Club"]
[Date "2007.05.19"]
[Round "5"]
[White "bajerk"]
[Black "Cantemir"]
[Result "0-1"]
[WhiteElo "1511"]
[BlackElo "1519"]
[ECO "C00"]
[TimeControl "2700+45"]

1. e4 e6 2. a3 c5 3. Bc4 d5 4. exd5 exd5 5. Qe2+ Be7 6. Bb5+ Bd7 7. Nf3 a6 8.
Bxd7+ Nxd7 9. O-O Ngf6 10. d3 O-O 11. Re1 Bd6 12. Bg5 h6 13. Bh4 g5 14. Nxg5 Re8
15. Qd2 Rxe1+ 16. Qxe1 hxg5 17. Bxg5 Qc7 18. g3 Re8 19. Qd2 Ne5 20. Kg2 Re6 21.
Nc3 Qc6 22. Re1 d4+ 23. Ne4 Nc4 24. dxc4 Nxe4 25. Qc1 Nxg5+ 26. f3 Qxf3+ {White
resigns} 0-1

[Event "Team 45 45 League T33"]
[Site "Internet Chess Club"]
[Date "2007.05.19"]
[Round "5"]
[White "Russellovich"]
[Black "Just-Jim"]
[Result "1-0"]
[WhiteElo "1492"]
[BlackElo "1388"]
[ECO "C44"]
[TimeControl "2700+45"]

1. e4 e5 2. Nf3 Nc6 3. d4 exd4 4. c3 dxc3 5. Nxc3 Bb4 6. Bc4 h6 7. O-O Bxc3 8.
bxc3 d6 9. Qb3 Qf6 10. Be3 Nge7 11. Nd4 O-O 12. Nb5 Na5 13. Qb4 Nxc4 14. Qxc4 c6
15. Nc7 Be6 16. Qb4 c5 17. Qa3 Rac8 18. Nxe6 fxe6 19. Qxa7 b5 20. e5 Qxe5 21.
Qxe7 Rf5 22. Rfe1 Rh5 23. g3 Qf5 24. Bf4 Qh3 25. Qxe6+ Qxe6 26. Rxe6 d5 27. Rd1
Ra8 28. Rc6 c4 29. Rc5 Rxa2 30. Rxb5 Rc2 31. Rbxd5 Rxd5 32. Rxd5 Rxc3 33. Rc5
Kf7 34. Kg2 g5 35. Be5 Rc2 36. g4 Re2 37. Bc3 Re4 38. f3 Re3 39. Rxc4 Re2+ 40.
Kg3 Rc2 41. Rc7+ Ke6 42. Rc6+ Kd5 43. Rc8 Ke6 44. Re8+ Kd7 45. Re3 Ra2 46. h4
gxh4+ 47. Kxh4 Rh2+ 48. Kg3 Ra2 49. Re5 Ra6 50. Bd2 Rd6 51. Bf4 Rf6 52. Rh5 Ke6
53. Rxh6 Rxh6 54. Bxh6 Kf6 55. Kf4 Kg6 56. g5 Kh7 57. Ke5 Kg6 58. f4 Kh7 59. Kf5
Kh8 60. Kg6 Kg8 61. f5 Kh8 62. f6 Kg8 63. f7+ Kh8 64. f8=Q# {Black checkmated}
1-0

[Event "Team 45 45 League T33"]
[Site "Internet Chess Club"]
[Date "2007.05.19"]
[Round "5"]
[White "schweppz"]
[Black "Traho"]
[Result "1-0"]
[WhiteElo "1472"]
[BlackElo "1370"]
[ECO "B13"]
[TimeControl "2700+45"]

1. e4 c6 2. d4 d5 3. exd5 cxd5 4. c4 e6 5. cxd5 exd5 6. Nf3 Nc6 7. Be2 Nf6 8.
O-O Bb4 9. Nc3 O-O 10. a3 Bxc3 11. bxc3 Ne4 12. Bd3 Bf5 13. Qc2 Bg6 14. c4 Rc8
15. Rb1 Ne7 16. Ne5 b6 17. Nxg6 Nxg6 18. Rb5 dxc4 19. Bxe4 Re8 20. Rd5 Qe7 21.
Re1 Qe6 22. Re3 Qf6 23. Bb2 Nf4 24. Bxh7+ Kf8 25. Rde5 Nd3 26. Bxd3 cxd3 27.
Qxd3 g6 28. a4 Qc6 29. Qa3+ Kg7 30. d5 Qc1+ 31. Bxc1 {Black resigns} 1-0

[Event "Team 45 45 League T33"]
[Site "Internet Chess Club"]
[Date "2007.05.20"]
[Round "5"]
[White "guyd52"]
[Black "oldsj"]
[Result "0-1"]
[WhiteElo "1255"]
[BlackElo "1403"]
[ECO "A08"]
[TimeControl "2700+45"]

1. Nf3 d5 2. g3 c5 3. d3 Nc6 4. Bg2 e5 5. O-O Nf6 6. Nbd2 Be7 7. b3 O-O 8. Bb2
d4 9. Nc4 Qc7 10. c3 b5 11. Ncxe5 Nxe5 12. Nxe5 Qxe5 13. Bxa8 dxc3 14. d4 cxd4
15. Bc1 Bf5 16. Bf4 c2 17. Qd2 Qc5 18. Bg2 Rc8 19. Rfe1 Qb6 20. Be5 Ba3 21. Bxd4
Qe6 22. Bxa7 Qe7 23. Be3 Bb4 24. Qd4 Bxe1 25. Rxe1 Qa3 26. Bc1 Qxa2 27. Qb4 Qa6
28. e4 Be6 29. e5 Nd5 30. Qd2 Qb6 31. Be4 Qc5 32. Re2 Nc3 33. Re3 Na2 34. b4
Nxb4 35. Re1 Na2 36. h4 Bg4 37. Kg2 Bd1 38. Bf3 Nxc1 39. Qxc1 Qc3 40. Re3 Qc7
41. Bxd1 cxd1=Q 42. Qxd1 Qc6+ 43. f3 Qc2+ 44. Qe2 b4 45. e6 Qxe2+ 46. Rxe2 fxe6
47. Rxe6 Rb8 48. Re1 Kf7 49. Kf2 b3 50. Ke3 Re8+ {White resigns} 0-1

[Event "Team 45 45 League T33"]
[Site "Internet Chess Club"]
[Date "2007.05.19"]
[Round "5"]
[White "EyeAm"]
[Black "Conjurer"]
[Result "1-0"]
[WhiteElo "1425"]
[BlackElo "1323"]
[ECO "B26"]
[TimeControl "2700+45"]

1. e4 c5 2. Nc3 d6 3. g3 g6 4. Bg2 Nc6 5. d3 Bg7 6. Be3 Nf6 7. Nf3 O-O 8. O-O
Qb6 9. Rb1 Bg4 10. Qd2 Ne5 11. Nxe5 dxe5 12. b4 Qc6 13. bxc5 Rfc8 14. a4 a6 15.
a5 Rc7 16. Nd5 Nxd5 17. exd5 Qd7 18. Rb6 Bh3 19. Bxh3 Qxh3 20. Rfb1 Ra7 21. c6
Qc8 22. R6b3 bxc6 23. Bxa7 Qd7 24. dxc6 Qxc6 25. Rb8+ Bf8 26. Bb6 Rc8 27. Rxc8
Qxc8 28. Rb3 f6 29. Qc3 Qe6 30. Qc4 Kf7 31. Qxe6+ Kxe6 32. c4 Kd6 33. Be3 Kc6
34. Rb6+ Kc7 35. Rxa6 Kb7 36. Rb6+ Ka7 37. Rxf6+ {Black resigns} 1-0

[Event "Team 45 45 League T33"]
[Site "Internet Chess Club"]
[Date "2007.05.20"]
[Round "5"]
[White "WilmaP"]
[Black "IconoJett"]
[Result "0-1"]
[WhiteElo "1188"]
[BlackElo "1120"]
[ECO "C70"]
[TimeControl "2700+45"]

1. e4 e5 2. Nf3 Nc6 3. Bb5 a6 4. Ba4 Bc5 5. c3 Nf6 6. d4 exd4 7. cxd4 Bb4+ 8.
Nc3 b5 9. Bb3 Nxe4 10. Bd2 Nxd2 11. Qxd2 d6 12. O-O O-O 13. Bc2 Qf6 14. Qd3 Bf5
15. Ne4 Bxe4 16. Qxe4 Qg6 17. Qe2 Qf6 18. Be4 Rfe8 19. Qd3 d5 20. Bxh7+ Kf8 21.
Qc2 Nxd4 22. Nxd4 Qxd4 23. Rad1 Qc4 24. a3 Re2 25. Qxc4 bxc4 26. axb4 c6 27. Bf5
Rxb2 28. Bd7 Rd8 29. Bxc6 d4 30. Be4 Rxb4 31. Rfe1 d3 32. Re3 Rb3 33. Kf1 a5 34.
Ke1 a4 35. Rc1 d2+ 36. Kd1 dxc1=Q+ 37. Kxc1 a3 38. Rxb3 cxb3 39. Kb1 Rd1# {White
checkmated} 0-1

[Event "Team 45 45 League T33"]
[Site "Internet Chess Club"]
[Date "2007.05.21"]
[Round "5"]
[White "moreffee"]
[Black "zatopek1"]
[Result "1-0"]
[WhiteElo "1266"]
[BlackElo "1418"]
[ECO "A06"]
[TimeControl "2700+45"]

1. Nf3 d5 2. e4 dxe4 3. Ng5 Nf6 4. Nc3 e6 5. Ngxe4 Nxe4 6. Nxe4 Be7 7. b3 O-O 8.
Bb2 Nd7 9. Bd3 Nf6 10. O-O b6 11. Ng3 Bb7 12. Re1 c5 13. Re3 Qd7 14. Nh5 Qd8 15.
Nxf6+ Bxf6 16. Bxh7+ Kh8 17. Qh5 Bg5 18. Bxg7+ Kxg7 19. Rg3 Rh8 20. Rxg5+ Kf8
21. Qh6+ Ke7 22. Rg7 Qd4 23. Re1 Raf8 24. Qxe6+ Kd8 25. Qe7+ Kc8 26. Bf5+ Kb8
27. Qe5+ Qxe5 28. Rxe5 Rh6 29. f3 a5 30. Be4 Ba6 31. h3 c4 32. Re7 Rf6 33. a4
cxb3 34. cxb3 Be2 35. Kf2 Bd1 36. Bd5 Kc8 37. Bc4 Kd8 38. Ra7 Bc2 39. d3 Rd6 40.
Ra8+ Ke7 41. Rxf8 Kxf8 42. Rxf7+ Ke8 43. Rb7 Kd8 44. f4 Bxd3 45. Bxd3 Rxd3 46.
Rxb6 Kc7 47. Rb5 Kc6 48. Ke2 Rc3 49. Kd2 Rg3 50. Rg5 Rxb3 51. Rxa5 Rb2+ 52. Kc3
Rxg2 53. Rh5 Rf2 54. f5 Rf4 55. Kb3 Kb6 56. Rh6+ Ka5 57. f6 Kb6 58. f7+ Kc5 59.
Rh7 Rf3+ 60. Kb2 Kd6 61. a5 Ke7 62. a6 Rf6 63. a7 Ra6 64. f8=Q+ Kxf8 65. Rh8+
Kg7 {Black resigns} 1-0

[Event "Team 45 45 League T33"]
[Site "Internet Chess Club"]
[Date "2007.05.17"]
[Round "5"]
[White "Orforded"]
[Black "Tom45"]
[Result "1-0"]
[WhiteElo "1298"]
[BlackElo "1190"]
[ECO "C45"]
[TimeControl "2700+45"]

1. e4 e5 2. Nf3 Nc6 3. d4 exd4 4. Nxd4 Nxd4 5. Qxd4 d6 6. Nc3 Nf6 7. Bd3 Be7 8.
e5 dxe5 9. Qxe5 O-O 10. O-O Re8 11. Qg3 Bd6 12. Qh4 c6 13. Bg5 Be7 14. Bxf6 Bxf6
15. Qxh7+ Kf8 16. Qh8+ Ke7 17. Rfe1+ Kd7 18. Bf5+ Re6 19. Bxe6+ fxe6 20. Rad1+
Kc7 21. Rxd8 Bxd8 22. Qxg7+ Kb6 23. Qd4+ Kc7 24. Rd1 Be7 25. Na4 b6 26. Qe5+ Kb7
27. c4 Ka6 28. a3 c5 29. b4 cxb4 30. axb4 Bxb4 31. Qb5+ {Black resigns} 1-0

[Event "Team 45 45 League T33"]
[Site "Internet Chess Club"]
[Date "2007.05.17"]
[Round "5"]
[White "otib2006"]
[Black "bookseller"]
[Result "0-1"]
[WhiteElo "1190"]
[BlackElo "1361"]
[ECO "C64"]
[TimeControl "2700+45"]

1. e4 e5 2. Nf3 Nc6 3. Bb5 Bc5 4. O-O Nf6 5. Nc3 O-O 6. Re1 Re8 7. d3 h6 8. Nh4
d5 9. exd5 Nxd5 10. Bxc6 bxc6 11. Nf3 Bg4 12. h3 Bh5 13. g4 Bg6 14. Nxe5 Bxf2+
15. Kxf2 Rxe5 16. Rxe5 Qf6+ 17. Qf3 Qxe5 18. Nxd5 cxd5 19. h4 Qh2+ 20. Qg2 Qxh4+
21. Qg3 Qf6+ 22. Qf3 Qd4+ 23. Qe3 Qxg4 24. Qf3 Qxf3+ 25. Kxf3 Re8 26. Bf4 c5 27.
a4 Bf5 28. a5 g5 29. Be5 Rxe5 30. a6 Kg7 31. Ra5 h5 32. Ra1 d4 33. Ra5 Re3+ 34.
Kf2 h4 35. Rxc5 Kf6 36. Rc7 h3 37. Rxa7 h2 38. Kg2 Re2+ 39. Kh1 Bg4 40. Rc7 Bf3#
{White checkmated} 0-1

[Event "Team 45 45 League T33"]
[Site "Internet Chess Club"]
[Date "2007.05.20"]
[Round "5"]
[White "Chesnut"]
[Black "cobbler"]
[Result "1-0"]
[WhiteElo "1255"]
[BlackElo "1134"]
[ECO "D35"]
[TimeControl "2700+45"]

1. d4 d5 2. c4 e6 3. cxd5 exd5 4. Nc3 Nf6 5. Bg5 Be7 6. Nf3 Be6 7. e3 Ne4 8.
Bxe7 Qxe7 9. Bd3 Nxc3 10. bxc3 O-O 11. O-O Nd7 12. Rb1 Nb6 13. Qc2 g6 14. Ne5 c6
15. Rfe1 Nc4 16. Bxc4 dxc4 17. Qe2 Rac8 18. Nxc4 Bxc4 19. Qxc4 b5 20. Qd3 a6 21.
e4 Qa3 22. Ra1 b4 23. Rec1 c5 24. Qc4 cxd4 25. Qxb4 Qxb4 26. cxb4 Rxc1+ 27. Rxc1
d3 28. Rd1 Rd8 29. f3 Rd7 30. Kf2 Kf8 31. Ke3 Ke8 32. Rxd3 Rxd3+ 33. Kxd3 Kd7
34. Kd4 Kd6 35. h4 h5 36. g4 Kc6 37. a4 Kd6 38. gxh5 gxh5 39. f4 f6 40. e5+
fxe5+ 41. fxe5+ Ke6 42. b5 axb5 43. axb5 Kd7 44. Kd5 Kc7 45. e6 Kd8 46. Kd6 Kc8
47. e7 Kb8 48. e8=Q+ Kb7 49. Qc6+ Kb8 50. Qc7+ Ka8 51. Qh7 Kb8 52. Kc6 {Black
resigns} 1-0

[Event "Team 45 45 League T33"]
[Site "Internet Chess Club"]
[Date "2007.05.16"]
[Round "5"]
[White "chiiwen"]
[Black "Knight77"]
[Result "1-0"]
[WhiteElo "1953"]
[BlackElo "1774"]
[ECO "B24"]
[TimeControl "2700+45"]

1. e4 c5 2. Nc3 g6 3. g3 Bg7 4. Bg2 Nc6 5. d3 Nf6 6. Be3 d6 7. h3 O-O 8. Nge2
Rb8 9. f4 e5 10. O-O b5 11. fxe5 Nxe5 12. Bg5 h6 13. Bxf6 Bxf6 14. Nd5 Bg7 15.
c3 Be6 16. Ndf4 Bd7 17. Nd5 f5 18. d4 Nc4 19. b3 Nb6 20. Nxb6 Qxb6 21. exf5 cxd4
22. cxd4 Bxf5 23. Rc1 Rbc8 24. Rxc8 Rxc8 25. g4 Bd7 26. Qd3 Bc6 27. Qxg6 Bxg2
28. Qe6+ Kh8 29. Qxc8+ Kh7 30. Kxg2 {Black resigns} 1-0

[Event "Team 45 45 League T33"]
[Site "Internet Chess Club"]
[Date "2007.05.20"]
[Round "5"]
[White "Puedo"]
[Black "Izeelden"]
[Result "0-1"]
[WhiteElo "1805"]
[BlackElo "1697"]
[ECO "A15"]
[TimeControl "2700+45"]

1. c4 Nf6 2. g3 e5 3. Bg2 c6 4. d4 exd4 5. Qxd4 d5 6. cxd5 cxd5 7. Nf3 Nc6 8.
Qa4 Bb4+ 9. Bd2 Be7 10. Nc3 O-O 11. O-O Qb6 12. Qc2 Be6 13. a3 Rac8 14. b4 d4
15. Na4 Qa6 16. Qd1 Qb5 17. Nb2 Bd6 18. Nd3 Rfe8 19. a4 Qb6 20. a5 Qb5 21. Nb2
Bxb4 22. Bxb4 Qxb4 23. Nd3 Qd6 24. Qa4 Bf5 25. Rfe1 Rcd8 26. Qb5 Nd5 27. Qxb7
Nc3 28. Nh4 Be4 29. Bxe4 Rxe4 30. Nf5 Qf6 31. Nc5 Rxe2 32. Rxe2 Nxe2+ 33. Kf1 d3
34. Qxc6 Qxa1+ 35. Kg2 Qg1+ 36. Kh3 Qxf2 37. Qe4 Qxc5 38. Qg4 g6 39. Qg5 Qxf5+
{White resigns} 0-1